 Dungeon Sprint DCSS version 0.31-a0-18-gea43df2a32 (webtiles) character file.

Game seed: 383094472472146064

8641 rocky1 the Eclecticist (level 11, -6/57 HPs)
             Began as a Deep Elf Earth Elementalist on May 12, 2023.
             Was a Priest of Sif Muna.
             Mangled by a shadow wraith (24 damage)
             ... in the Dungeon (Sprint VII: "The Pits").
             The game lasted 00:11:42 (2942 turns).

rocky1 the Eclecticist (DEEE)                       Turns: 2942, Time: 00:11:43

Health: -6/57      AC:  5    Str:  8    XL:     11   Next: 12%
Magic:  26/36      EV: 20    Int: 25    God:    Sif Muna [***...]
Gold:   0          SH:  0    Dex: 15    Spells: 44/48 levels left

rFire   . . .        o - +2 scimitar (holy)
rCold   . . .        (no shield)
rNeg    + . .        r - +1 robe {rN+}
rPois   .            p - +0 helmet
rElec   .            q - +0 cloak
rCorr   .            (no gloves)
SInv    .            (no boots)
Will    +....        (no amulet)
Stlth   +++++        l - +3 ring of strength
HPRegen 0.29/turn    m - +3 ring of evasion
MPRegen 0.25/turn

%: no teleportation
@: slowed, very slow
A: no striking features
a: Renounce Religion, Channel Magic, Forget Spell


You were in the Dungeon.
You worshipped Sif Muna.
Sif Muna was most pleased with you.
You visited 1 branch

Inventory:

Hand Weapons
 k - a +0 long sword of flaming
 o - a +2 scimitar of holy wrath (weapon)
Missiles
 j - 4 throwing nets
Armour
 p - a +0 helmet (worn)
 q - a +0 cloak (worn)
 r - a +1 robe of positive energy (worn)
Jewellery
 l - a +3 ring of strength (left hand)
 m - a +3 ring of evasion (right hand)
Scrolls
 i - 5 scrolls of amnesia
Potions
 b - 4 potions of magic
 c - 7 potions of curing
 d - 3 potions of heal wounds
 e - a potion of haste
 f - 5 potions of berserk rage
 h - a potion of invisibility
 n - a potion of resistance


   Skills:
 - Level 2.1 Fighting
 - Level 2.2 Armour
 - Level 10.8 Dodging
 - Level 11.6 Stealth
 * Level 19.4 Spellcasting
 - Level 7.3 Conjurations
 - Level 3.3 Transmutations
 * Level 13.1 Fire Magic
 - Level 10.0 Earth Magic
 + Level 10.7 Invocations


You had 44 spell levels left.
You knew the following spells:

 Your Spells              Type           Power      Damage    Failure   Level
a - Sandblast             Erth           100%       2d20      1%          1
b - Stone Arrow           Conj/Erth      100%       3d13      1%          3

Your spell library contained the following spells:

 Spells                   Type           Power      Damage    Failure   Level
 Summon Small Mammal      Summ           96%        N/A       1%          1
 Passwall                 Tmut/Erth      45%        N/A       1%          2
 Static Discharge         Conj/Air       84%        2-6/arc   1%          2
 Ignite Poison            Fire/Tmut/Pois 51%        N/A       1%          3
 Petrify                  Tmut/Erth      55%        N/A       1%          4
 Cigotuvi's Dreadful Rot  Necr/Pois/Air  48%        N/A       2%          2
 Sublimation of Blood     Necr           24%        N/A       2%          2
 Animate Armour           Summ/Erth      98%        N/A       2%          4
 Iskenderun's Battlesphe  Conj           57%        2d11      2%          5
 Iskenderun's Mystic Bla  Conj/Tloc      42%        2d10      4%          4
 Call Canine Familiar     Summ           24%        N/A       5%          3
 Summon Guardian Golem    Hex/Summ       24%        N/A       5%          3
 Irradiate                Conj/Tmut      25%        3d20      6%          5
 Ice Form                 Ice/Tmut       32%        N/A       10%         4
 Blade Hands              Tmut           20%        N/A       13%         5
 Freezing Cloud           Conj/Ice/Air   18%        6-21      19%         5
 Statue Form              Tmut/Erth      36%        N/A       19%         6
 Summon Forest            Summ/Tloc      12%        N/A       45%         5
 Ignition                 Fire           37%        3d11      50%         8
 Eringya's Noxious Bog    Tmut/Pois      16%        N/A       82%         6
 Chain Lightning          Conj/Air       21%        3d28      100%        9


Dungeon Overview and Level Annotations

Branches:
Dungeon (1/1)

Altars:
Ashenzari
Cheibriados
Dithmenos
Elyvilon
Fedhas
Gozag
Hepliaklqana
Kikubaaqudgha
Makhleb
Nemelex Xobeh
Okawaru
Qazlal
Ru
Sif Muna
Trog
Uskayaw
Vehumet
Wu Jian
Xom
Yredelemnul
Zin
The Shining One
Jiyva
Lugonu


Message History

There is an open door here.
You see here a +1 morningstar of protection.
You close the door, pushing everything out of the way.
You start resting.
Something unseen opens the door.
Aiming: Stone Arrow (safe; 1% risk of failure)
Press: ? - help, Q - select action, (/) - cycle Shift-Dir - straight line The stone arrow hits something!!
Sif Muna accepts your kill.
Reactivating autopickup.
You feel a bit more experienced.
Your Fire Magic skill increases to level 13!
Something hits you! Something drains your vigour!
You feel yourself slow down.
Deactivating autopickup; reactivate with Ctrl-A.
Aiming: Stone Arrow (safe; 1% risk of failure)
Press: ? - help, Q - select action, (/) - cycle Shift-Dir - straight line Something hits you!!
* * * LOW HITPOINT WARNING * * *
Something drains your vigour!
You feel as though you will be slow longer.
You feel much better. Something hits you! x2
* * * LOW HITPOINT WARNING * * *
Something drains your vigour!
You feel as though you will be slow longer.
Unknown command.
You feel much better. Something hits you. Something drains your vigour!
You feel as though you will be slow longer.
Unknown command.
Aiming: Stone Arrow (safe; 1% risk of failure)
Press: ? - help, Q - select action, (/) - cycle Shift-Dir - straight line The stone arrow hits something.
Something hits you!
* * * LOW HITPOINT WARNING * * *
Something drains your vigour!
You feel as though you will be slow longer.
Something hits you but does no damage.
Aiming: Stone Arrow (safe; 1% risk of failure)
Press: ? - help, Q - select action, (/) - cycle Shift-Dir - straight line The stone arrow hits something!
Something hits you!!
You die...

#####'#####''######
##.......##''##### ###########
##.......##......# #.........#
##.......##......# ##.......##
##...<...###....## ####...######
##.......# ##''## ###..+)..'÷.##†
##.......###....###....##)##.....
##.......##.....)#....##...##....
###########.....@{....'.....+....
###########......#....##...##....
....#....###....###...)##)##.....
....#..[[# ##''## ###..)...+..##.
....'..))# #....# ####...######
....#..))##......# ##....).)##
....#...)##......# #.....).)[#
################## ###########


There were no monsters in sight!

Vanquished Creatures
  Harold (D)
  A catoblepas (D)
  A shadow wraith (D)
  A sea snake (D)
  A phantasmal warrior (D)
  A bog body (D)
  A molten gargoyle (D)
  An orange demon (D)
  A gargoyle (D)
  3 kobold demonologists (D)
  An ice devil (D)
  A guardian mummy (D)
  2 polar bears (D)
  A red devil (D)
  2 snapping turtles (D)
  A shadow (D)
  A wraith (D)
  A basilisk (D)
  A spriggan (D)
  4 wyverns (D)
  A redback (D)
  A steam dragon (D)
  2 wargs (D)
  2 floating eyes (D)
  An ice beast (D)
  3 kobold brigands (D)
  A scorpion (D)
  An orc priest (D)
  A hound (D)
  A jelly (D)
  An orc wizard (D)
  2 adders (D)
  A gnoll (D)
  A river rat (D)
  2 worms (D)
  2 orcs (D)
  A bat zombie (D)
  2 endoplasms (D)
  A giant cockroach (D)
  2 goblins (D)
  3 jackals (D)
  A quokka (D)
  A ball python (D)
  A ball python skeleton (D)
  A frilled lizard (D)
  A giant cockroach zombie (D)
  3 kobolds (D)
  2 rats (D)
69 creatures vanquished.

Notes
Turn   | Place    | Note
-------+----------+-------------------------------------------
     0 | D        | rocky1 the Deep Elf Earth Elementalist began the quest for
                  | the Orb.
     0 | D        | Reached XP level 1. HP: 10/10 MP: 6/6
    40 | D        | Found a bloodstained altar of Trog.
    40 | D        | Found a shimmering blue altar of Sif Muna.
    40 | D        | Found a viscous altar of Jiyva.
    40 | D        | Found a hazy altar of Hepliaklqana.
    40 | D        | Found an opulent altar of Gozag.
    41 | D        | Found a glowing golden altar of the Shining One.
    41 | D        | Found a glowing silver altar of Zin.
    41 | D        | Found a basalt altar of Yredelemnul.
    41 | D        | Found a shimmering altar of Xom.
    41 | D        | Found an ornate altar of the Wu Jian Council.
    41 | D        | Found a sacrificial altar of Ru.
    41 | D        | Found a stormy altar of Qazlal.
    41 | D        | Found an iron altar of Okawaru.
    41 | D        | Found a sparkling altar of Nemelex Xobeh.
    41 | D        | Found a burning altar of Makhleb.
    41 | D        | Found a blossoming altar of Fedhas.
    41 | D        | Found a white marble altar of Elyvilon.
    41 | D        | Found a shadowy altar of Dithmenos.
    41 | D        | Found a snail-covered altar of Cheibriados.
    44 | D        | Found a corrupted altar of Lugonu.
    44 | D        | Found a radiant altar of Vehumet.
    45 | D        | Found an ancient bone altar of Kikubaaqudgha.
    45 | D        | Found a hide-covered altar of Uskayaw.
    45 | D        | Found a broken altar of Ashenzari.
    46 | D        | Became a worshipper of Sif Muna the Loreminder
    86 | D        | Reached * piety under Sif Muna
    90 | D        | Reached skill level 4 in Spellcasting
    90 | D        | Reached XP level 2. HP: 15/15 MP: 4/9
   260 | D        | Reached ** piety under Sif Muna
   261 | D        | Noticed a kobold brigand
   267 | D        | Reached skill level 5 in Spellcasting
   299 | D        | Killed a kobold brigand
   300 | D        | Reached skill level 5 in Stealth
   300 | D        | Reached skill level 7 in Spellcasting
   300 | D        | Reached XP level 3. HP: 12/19 MP: 7/13
   300 | D        | Reached XP level 4. HP: 15/24 MP: 8/15
   306 | D        | Learned a level 3 spell: Stone Arrow
   407 | D        | Reached *** piety under Sif Muna
   409 | D        | Noticed a warg
   410 | D        | Noticed an ice beast
   410 | D        | Noticed a kobold brigand
   427 | D        | Killed a kobold brigand
   428 | D        | Reached skill level 5 in Dodging
   428 | D        | Reached skill level 8 in Spellcasting
   428 | D        | Reached XP level 5. HP: 9/28 MP: 9/17
   429 | D        | Killed a warg
   430 | D        | Reached skill level 9 in Spellcasting
   430 | D        | Reached XP level 6. HP: 27/32 MP: 6/20
   431 | D        | Reached **** piety under Sif Muna
   434 | D        | Killed an ice beast
   435 | D        | Reached skill level 10 in Spellcasting
   435 | D        | Reached skill level 5 in Conjurations
   435 | D        | Reached skill level 1 in Invocations
   454 | D        | Noticed a floating eye
   455 | D        | Killed a floating eye
   456 | D        | Reached skill level 1 in Armour
   459 | D        | Reached ***** piety under Sif Muna
   462 | D        | Noticed a warg
   464 | D        | Killed a warg
   464 | D        | Received a gift from Sif Muna
   465 | D        | Reached skill level 1 in Fighting
   465 | D        | Reached XP level 7. HP: 38/38 MP: 14/23
  1060 | D        | Noticed a redback
  1060 | D        | Noticed a snapping turtle
  1067 | D        | Killed a redback
  1068 | D        | Reached skill level 11 in Spellcasting
  1146 | D        | Killed a snapping turtle
  1147 | D        | Reached skill level 10 in Earth Magic
  1554 | D        | Noticed an ice devil
  1554 | D        | Noticed a guardian mummy
  1556 | D        | Received a gift from Sif Muna
  1560 | D        | Killed an ice devil
  1561 | D        | Reached skill level 12 in Spellcasting
  1561 | D        | Reached XP level 8. HP: 30/44 MP: 6/26
  1565 | D        | Killed a guardian mummy
  1566 | D        | Reached skill level 5 in Invocations
  1568 | D        | Got Sif Muna's Catalogue of Arson and Percussion {god gift}
  1642 | D        | Noticed Harold
  1645 | D        | Reached skill level 13 in Spellcasting
  1685 | D        | Killed Harold
  1685 | D        | Received a gift from Sif Muna
  1686 | D        | Reached skill level 10 in Stealth
  1686 | D        | Reached skill level 14 in Spellcasting
  1686 | D        | Reached skill level 5 in Fire Magic
  1686 | D        | Reached XP level 9. HP: 42/48 MP: 11/29
  1688 | D        | Got Sif Muna's Atlas of the Mob and Fulmination {god gift}
  1793 | D        | Noticed a molten gargoyle
  1800 | D        | Killed a molten gargoyle
  1801 | D        | Reached skill level 10 in Dodging
  1814 | D        | Reached skill level 15 in Spellcasting
  1943 | D        | Noticed a polar bear
  1944 | D        | Received a gift from Sif Muna
  1944 | D        | Killed a polar bear
  1948 | D        | Noticed a kobold demonologist
  1951 | D        | Noticed a kobold demonologist
  1953 | D        | Noticed an orange demon
  1953 | D        | Killed a kobold demonologist
  1954 | D        | Noticed an orange demon
  1956 | D        | Killed a kobold demonologist
  1967 | D        | Killed an orange demon
  1968 | D        | Reached skill level 16 in Spellcasting
  1968 | D        | Reached XP level 10. HP: 41/53 MP: 4/32
  2124 | D        | Received a gift from Sif Muna
  2129 | D        | Got Xauceix's Atlas of Configuration {god gift}
  2272 | D        | Noticed a gargoyle
  2272 | D        | Noticed a sea snake
  2282 | D        | Killed a sea snake
  2283 | D        | Reached skill level 17 in Spellcasting
  2283 | D        | Reached skill level 10 in Fire Magic
  2284 | D        | Killed a gargoyle
  2588 | D        | Noticed a bog body
  2588 | D        | Noticed a catoblepas
  2590 | D        | Killed a bog body
  2591 | D        | Noticed a phantasmal warrior
  2605 | D        | Killed a catoblepas
  2606 | D        | Reached skill level 18 in Spellcasting
  2611 | D        | Killed a phantasmal warrior
  2611 | D        | Received a gift from Sif Muna
  2612 | D        | Reached skill level 10 in Invocations
  2907 | D        | Noticed a boulder beetle
  2912 | D        | Received a gift from Sif Muna
  2914 | D        | Reached XP level 11. HP: 57/57 MP: 10/35
  2915 | D        | Reached skill level 19 in Spellcasting
  2936 | D        | Killed a shadow wraith
  2942 | D        | Mangled by a shadow wraith

Illustrated notes

Levels and vault maps discovered:
D:        pitsprint [storerooms_1, entrance_room_1, metal_vault_2, armoury_1,
          mini_pit_1, grid_room_1, main_hall_1, silver_pit, the_coven_3,
          the_vestibule_1, steel_vault_3, golden_pit, hallway_of_sentries,
          crystal_vault_5, iron_vault_1, final_vault]

Skill      XL: |  1  2  3  4  5  6  7  8  9 10 11 |
---------------+----------------------------------+-----
Dodging        | 3 4 5 6 7 8 9 10 | 10.8
Stealth        | 3 5 6 7 8 10 11 | 11.6
Spellcasting   | 4 7 8 9 10 12 14 16 18 19 | 19.4
Earth Magic    | 4 6 7 8 9 10 | 10.0
Conjurations   | 3 4 6 7 |  7.3
Invocations    | 2 4 6 8 10 | 10.7
Armour         | 1 2 |  2.2
Fighting       | 1 2 |  2.1
Transmutations | 2 3 |  3.3
Fire Magic     | 5 8 12 13 | 13.1

Action                     |  1- 3 |  4- 6 |  7- 9 | 10-12 || total
---------------------------+-------+-------+-------+-------++-------
  Melee: Long sword        |       |     1 |       |       ||     1
   Cast: Sandblast         |    12 |    14 |     2 |     1 ||    29
         Stone Arrow       |       |     6 |    56 |    35 ||    97
         Ignition          |       |       |     1 |     4 ||     5
 Invoke: Channel Magic     |       |       |     3 |     2 ||     5
         Divine Exegesis   |       |       |     1 |     4 ||     5
    Use: Potion            |       |     5 |     4 |     3 ||    12
         Scroll            |       |       |     1 |     1 ||     2
 Armour: Robe              |       |       |     7 |     1 ||     8
  Dodge: Dodged            |     2 |     5 |    28 |    12 ||    47

Table legend: (Time is in decaauts)
 A = Elapsed time spent in this place.
 B = Non-inter-level travel time spent in this place.
 C = Inter-level travel time spent in this place.
 D = Time resting spent in this place.
 E = Time spent auto-exploring this place.
 F = Levels seen in this place.
 G = Mean time per level.
                   A        B        C        D        E       F      G
               +--------+--------+--------+--------+--------+-----+--------+
         Total |   2963 |   2891 |     72 |   2260 |      0 |   1 | 2963.0 |
       Dungeon |   2963 |   2891 |     72 |   2260 |      0 |   1 | 2963.0 |
               +--------+--------+--------+--------+--------+-----+--------+

Top non-repeatable levels by time:
       D: 2963 daAuts
